 Dungeon Crawl Stone Soup version 0.29.1-12-g30fa7ad0bf (webtiles) character file.

Game seed: 5876018343066736006

33858 wormed the Basher (level 13, -10/86 HPs)
             Began as a Gargoyle Fighter on Dec 20, 2022.
             Was an Elder of the Shining One.
             Mangled by a death yak (17 damage)
             ... on level 4 of the Lair of Beasts.
             The game lasted 00:44:32 (16732 turns).

wormed the Basher (Gargoyle Fighter)               Turns: 16732, Time: 00:44:33

Health: -10/86     AC: 31    Str: 31    XL:     13   Next: 73%
Magic:  16/16      EV: 12    Int:  9    God:    the Shining One [****..]
Gold:   781        SH:  6    Dex:  9    Spells: 12/12 levels left

rFire   + . .      SeeInvis +   t - +2 whip (elec)
rCold   . . .      Faith    .   c - +0 buckler
rNeg    + + +      Spirit   .   D - +0 plate armour
rPois   ∞          Reflect  .   K - +2 hat {Will+}
rElec   +          Harm     .   (no cloak)
rCorr   .          Rampage  .   A - +1 pair of gloves
Will    +....                   B - +0 pair of boots
Stlth   ..........              (no amulet)
HPRegen 0.24/turn               s - +4 ring of evasion
MPRegen 0.15/turn               p - +6 ring of strength

@: about to teleport, glowing
A: sickness immunity, AC +9, negative energy resistance 1, electricity
resistance, torment resistance 1, petrification resistance, hooves 1, see
invisible, fire resistance 1, low MP 1
a: Renounce Religion, Divine Shield, Cleansing Flame


You were on level 4 of the Lair of Beasts.
You worshipped the Shining One.
The Shining One was greatly pleased with you.
You visited 3 branches of the dungeon, and saw 14 of its levels.
You also visited: Sewer.

You collected 781 gold pieces.

Inventory:

Hand Weapons
 d - the +8 spear "Lasepuqe" {vorpal, rC+++ rN+ Str-2 SInv}
   (You found it on level 6 of the Dungeon)

   It inflicts extra damage upon your enemies.
   Str:       It affects your strength (-2).
   rC:        It renders you almost immune to cold.
   rN:        It protects you from negative energy.
   SInv:      It lets you see invisible.
 q - a +1 demon whip of venom
 t - a +2 whip of electrocution (weapon)
Armour
 c - a +0 buckler (worn)
 A - a +1 pair of gloves (worn)
 B - a +0 pair of boots (worn)
 D - a +0 plate armour (worn)
 K - a +2 hat of willpower (worn)
Jewellery
 e - a ring of flight
 p - a +6 ring of strength (right hand)
 s - a +4 ring of evasion (left hand)
 N - a ring of ice
Wands
 b - a wand of charming (11)
 u - a wand of iceblast (11) (quivered)
 C - a wand of polymorph (8)
 G - a wand of mindburst (10)
 H - a wand of acid (4)
Scrolls
 f - 2 scrolls of enchant weapon
 g - 2 scrolls of noise
 j - 6 scrolls of teleportation
 m - 2 scrolls of enchant armour
 n - 3 scrolls of fog
 o - a scroll of identify
 y - a scroll of amnesia
 z - a scroll of immolation
 F - 2 scrolls of poison
Potions
 h - 7 potions of lignification
 i - a potion of attraction
 r - a potion of magic
 v - 4 potions of degeneration
 w - 7 potions of flight
 x - a potion of invisibility
 E - a potion of resistance
 I - a potion of haste
 L - a potion of might
 M - a potion of cancellation


   Skills:
 + Level 12.0 Fighting
 - Level 12.0 Maces & Flails
 + Level 5.5 Throwing
 + Level 12.0 Armour
 + Level 12.0 Shields
 + Level 6.5 Invocations


You had 12 spell levels left.
You didn't know any spells.
Your spell library contained the following spells:

 Spells                   Type           Power      Damage    Failure   Level
 Apportation              Tloc           0%         N/A       96%         1
 Conjure Flame            Conj/Fire      0%         6-21      100%        3
 Leda's Liquefaction      Hex/Erth       0%         N/A       100%        4
 Alistair's Intoxication  Tmut/Pois      0%         N/A       100%        5
 Iskenderun's Battlesphe  Conj           0%         2d6       100%        5
 Lee's Rapid Deconstruct  Erth           0%         3d5*      100%        5
 Iron Shot                Conj/Erth      0%         9d1       100%        6
 Spellforged Servitor     Conj/Summ      0%         N/A       100%        7
 Statue Form              Tmut/Erth      Unusable   N/A       N/A         6

Dungeon Overview and Level Annotations

Branches:
Dungeon (8/15)             Temple (1/1) D:6            Lair (5/5) D:8
  Swamp (0/4) Lair:3       Spider (0/4) Lair:2        Sewer (visited)
  Slime: Lair:4-5

Altars:
Cheibriados
Elyvilon
Fedhas
Gozag
Hepliaklqana
Kikubaaqudgha
Makhleb
Nemelex Xobeh
Okawaru
Qazlal
Ru
Sif Muna
Trog
Uskayaw
Vehumet
Wu Jian
Xom
Yredelemnul
The Shining One


Innate Abilities, Weirdness & Mutations

You are immune to sickness and miasma.
Your stone body is resilient. (AC +9)
You are immune to poison.
You resist negative energy. (rN+)
You are resistant to electric shocks. (rElec)
You are resistant to unholy torment.
You are immune to petrification.
You have large cloven feet.
You have supernaturally acute eyesight. (SInv)
Your flesh is heat resistant. (rF+)
Your magical capacity is low. (-10% MP)


Message History

The death yak gores you. The death yak attacks as you move away!
The death yak gores you but does no damage.
The death yak misses you. The death yak attacks as you move away!
The death yak gores you! The death yak attacks as you move away!
The death yak gores you but does no damage.
You are too injured to fight recklessly!
You are too injured to fight recklessly!
You are too injured to fight recklessly!
You are too injured to fight recklessly!
You are too injured to fight recklessly!
You are too injured to fight recklessly!
You are too injured to fight recklessly!
You hit the death yak.
Lightning courses through the death yak!
You kill the death yak!
You hit the death yak but do no damage.
The death yak gores you but does no damage. x2
You hit the death yak but do no damage. You hit the death yak.
The death yak is lightly wounded.
The death yak barely misses you. You block the death yak's attack.
You whack the death yak!
The death yak is lightly wounded.
You hit the death yak.
The death yak is moderately wounded.
The death yak gores you but does no damage.
The death yak gores you!
* * * LOW HITPOINT WARNING * * *
As you read the scroll of teleportation, it crumbles to dust.
You feel strangely unstable. The death yak gores you.
* * * LOW HITPOINT WARNING * * *
The death yak gores you!
* * * LOW HITPOINT WARNING * * *
You block the death yak's attack.
As you read the scroll of fog, it crumbles to dust.
The scroll dissolves into smoke.
The death yak barely misses you. The death yak gores you!
You die...

###.## #..##
#...# ##..##
.###.#..###
.........P#
.........####
#..........§Y##
####.......YY@#
###..PP.YY##
#.....##§§#
#....####..##
##..# #P...#
#... ##...# #..
#...## #....)#
#.......P


You could see 5 death yaks.

Vanquished Creatures
  Gastronok (Lair:2)
  2 hydras
  A merfolk avatar (Lair:5)
  A catoblepas (Lair:3)
  A death yak (Lair:4)
  Amaemon (D:8)
  2 sea snakes (Lair:5)
  A deep troll (Lair:3)
  Pikel (D:6)
  2 black mambas
  10 cane toads
  4 elephants (Lair:4)
  An orange demon (Lair:1)
  9 komodo dragons
  3 rime drakes
  A meliai (Lair:2)
  5 polar bears
  6 hornets
  4 tyrant leeches (Lair:3)
  4 blink frogs (Lair:3)
  43 yaks
  2 basilisks (Lair:2)
  A steam dragon (D:8)
  A swamp worm (Lair:3)
  2 wargs (D:8)
  8 water moccasins
  Duvessa (D:6)
  4 ice beasts
  An orc warrior (D:8)
  3 sky beasts
  4 black bears (Lair:1)
  26 wolves
  2 ogres
  2 kobold brigands
  11 bullfrogs
  2 scorpions (D:5)
  9 wights (D:8)
  Dowan (D:6)
  7 killer bees
  A howler monkey (D:5)
  An electric eel (D:8)
  4 orc priests
  A hound (D:6)
  3 gnoll boudas
  3 iguanas
  9 orc wizards
  Robin (D:2)
  6 adders
  12 gnolls
  8 river rats
  2 shadow imps (D:7)
  2 white imps
  An ufetubus (D:6)
  5 worms
  2 dart slugs
  20 orcs
  6 endoplasms
  4 giant cockroaches
  6 hobgoblins
  6 jackals
  6 quokkas
  16 ball pythons
  8 bats
  3 frilled lizards
  13 goblins
  12 kobolds
  6 rats
357 creatures vanquished.

Vanquished Creatures (collateral kills)
  A harpy (Lair:5)
  An elephant (Lair:5)
  A komodo dragon (Lair:5)
3 creatures vanquished.

Vanquished Creatures (others)
  15 fungi
  43 plants
58 creatures vanquished.

Grand Total: 418 creatures vanquished

Notes
Turn   | Place    | Note
-------+----------+-------------------------------------------
     0 | D:1      | wormed the Gargoyle Fighter began the quest for the Orb.
     0 | D:1      | Reached XP level 1. HP: 14/14 MP: 1/1
   110 | D:1      | Reached XP level 2. HP: 15/19 MP: 2/2
   386 | D:1      | Found a faded altar of an unknown god.
   632 | D:2      | Reached XP level 3. HP: 20/23 MP: 3/3
   745 | D:2      | Got the Collected Works on Confrontation
   868 | D:2      | Noticed Robin
   878 | D:2      | Killed Robin
   888 | D:2      | Reached XP level 4. HP: 20/29 MP: 4/4
  2204 | D:3      | Reached XP level 5. HP: 16/33 MP: 5/5
  2366 | D:3      | You fall into a shaft and drop 1 floor!
  2532 | D:4      | Noticed an ogre
  2536 | D:4      | Killed an ogre
  2563 | D:4      | Reached XP level 6. HP: 39/39 MP: 6/6
  2759 | D:4      | Found a glowing drain.
  2774 | Sewer    | Entered a sewer
  3965 | D:4      | Gained mutation: Your magical capacity is low. (-10% MP)
                  | [potion of mutation]
  3965 | D:4      | Gained mutation: Your flesh is heat resistant. (rF+)
                  | [potion of mutation]
  3965 | D:4      | Gained mutation: You have supernaturally acute eyesight.
                  | (SInv) [potion of mutation]
  3965 | D:4      | Gained mutation: You have large cloven feet. [potion of
                  | mutation]
  3997 | D:5      | Entered Level 5 of the Dungeon
  4075 | D:5      | Reached XP level 7. HP: 39/44 MP: 6/6
  4212 | D:5      | Reached skill level 5 in Maces & Flails
  4243 | D:5      | Reached skill level 5 in Fighting
  4264 | D:5      | Found a snail-covered altar of Cheibriados.
  4322 | D:5      | Reached skill level 5 in Shields
  4400 | D:5      | Reached skill level 5 in Armour
  4878 | D:6      | Identified the +3 chain mail of Veiwagh {Regen+ Int+3 SInv}
  4995 | D:6      | Reached XP level 8. HP: 50/50 MP: 7/7
  5053 | D:6      | HP: 1/50 [gnoll/+0 halberd[a gnoll bouda] (8)]
  5348 | D:6      | Found a staircase to the Ecumenical Temple.
  5368 | D:6      | Identified the +8 spear "Lasepuqe" {vorpal, rC+++ rN+ Str-2
                  | SInv}
  5374 | Temple   | Entered the Ecumenical Temple
  5404 | Temple   | Became a worshipper of the Shining One
  5598 | D:6      | Noticed Pikel
  5618 | D:6      | Killed Pikel
  5758 | D:6      | Noticed Duvessa
  5758 | D:6      | Noticed Dowan
  5770 | D:6      | Killed Duvessa
  5787 | D:6      | Killed Dowan
  5788 | D:6      | Reached XP level 9. HP: 19/56 MP: 8/8
  6382 | D:7      | Found a shimmering blue altar of Sif Muna.
  7217 | D:8      | Reached * piety under the Shining One
  7558 | D:8      | Reached XP level 10. HP: 63/63 MP: 9/9
  8050 | D:8      | Found a staircase to the Lair.
  8553 | D:8      | Found an iron altar of Okawaru.
  8839 | Lair:1   | Entered Level 1 of the Lair of Beasts
  8839 | Lair:1   | Noticed a black mamba
  8839 | Lair:1   | Reached ** piety under the Shining One
  8863 | D:8      | Killed a black mamba
  8864 | D:8      | Reached skill level 10 in Maces & Flails
  9266 | D:8      | Reached XP level 11. HP: 41/69 MP: 9/9
  9436 | Lair:1   | Noticed Amaemon
  9505 | D:8      | Killed Amaemon
  9648 | Lair:1   | Noticed an eight-headed hydra
  9679 | Lair:1   | Killed an eight-headed hydra
 10926 | Lair:2   | Reached skill level 10 in Fighting
 10926 | Lair:2   | Reached skill level 10 in Armour
 10926 | Lair:2   | Reached skill level 10 in Shields
 11038 | Lair:2   | Reached XP level 12. HP: 64/77 MP: 10/10
 11123 | Lair:2   | Noticed Gastronok
 11621 | Lair:2   | Reached skill level 1 in Invocations
 11636 | Lair:2   | Reached skill level 1 in Throwing
 11945 | Lair:2   | Found a hole to the Spider Nest.
 12124 | Lair:2   | Killed Gastronok
 12463 | Lair:3   | Noticed a catoblepas
 12474 | Lair:3   | Killed a catoblepas
 12565 | Lair:3   | Reached *** piety under the Shining One
 13030 | Lair:3   | Found a staircase to the Swamp.
 14512 | Lair:3   | Reached XP level 13. HP: 77/84 MP: 14/14
 14617 | Lair:4   | Reached skill level 5 in Invocations
 15457 | Lair:4   | You fall into a shaft and drop 1 floor!
 15457 | Lair:5   | Entered Level 5 of the Lair of Beasts
 15521 | Lair:5   | Reached skill level 5 in Throwing
 15532 | Lair:5   | Reached **** piety under the Shining One
 16732 | Lair:4   | Mangled by a death yak

Illustrated notes

Levels and vault maps discovered:
D:1:      scummos_arrival_simple_fountains, layout_rooms,
          shapermc_ecumenical_altar_flowoftime
D:2:      layout_basic, uniq_robin
D:3:      layout_basic, gammafunk_temple_overflow_statue, dk_vineyard_2,
          saegor_snake_ambush
D:4:      layout_loops_corners, cheibrodos_sewer_entry_drain,
          lightli_ossuary_entry_decrepit_ruins, serial_park_tiny_pond
D:5:      layout_loops_ring, mainiacjoe_overflow_six_doors_small
D:6:      layout_basic, temple_pool_b, serial_bayou_crossing, uniq_duvessa,
          uniq_pikel
D:7:      wad_woods_stonehenge, layout_basic
D:8:      layout_basic, mainiacjoe_overflow_chevrons, erik_lair_orcish_takeover
Temple:   bh_familiar_temple
Lair:1:   layout_loops_ring, beast_lair_carwin_2, grunt_megastairs_1,
          uniq_amaemon
Lair:2:   layout_chaotic_city, hellmonk_spider_entry_not_the_bees,
          serial_bayou_pond_e, grunt_megastairs_2, uniq_gastronok
Lair:3:   dreamdust_cave_troll, layout_long_grid, minmay_swamp_entry_worms,
          serial_bayou_pond_c
Lair:4:   layout_cave_pods, dreamdust_wasp_nest, infiniplex_staircase_pool
Lair:5:   gammafunk_lair_ancient_temple, layout_cave_pods,
          dpeg_slime_entry_enclosed

Skill      XL: |  1  2  3  4  5  6  7  8  9 10 11 12 13 |
---------------+----------------------------------------+-----
Maces & Flails | 3 4 5 7 9 10 12 | 12.0
Fighting       | 4 5 6 7 8 10 11 12 | 12.0
Armour         | 4 5 6 7 8 10 11 12 | 12.0
Shields        | 4 5 6 7 8 10 11 12 | 12.0
Invocations    | 4 6 |  6.5
Throwing       | 3 5 |  5.5

Action                   |  1- 3 |  4- 6 |  7- 9 | 10-12 | 13-15 || total
-------------------------+-------+-------+-------+-------+-------++-------
Melee: Flail             |    91 |   143 |       |       |       ||   234
       Whip              |       |   119 |   365 |   797 |   340 ||  1621
Evoke: Wand              |       |       |       |     2 |       ||     2
  Use: Scroll            |       |    10 |     3 |    13 |     9 ||    35
       Potion            |       |     1 |     6 |     3 |     4 ||    14
Armor: Scale mail        |    61 |    26 |       |       |       ||    87
       Chain mail        |       |   123 |   134 |    11 |       ||   268
       Plate armour      |       |       |       |   299 |   170 ||   469
       Skin              |       |       |       |     4 |       ||     4
Dodge: Dodged            |    52 |   139 |   162 |   316 |   163 ||   832
Block: Buckler           |    20 |    55 |    73 |   169 |    90 ||   407
